 Dungeon Crawl Stone Soup version 0.23.2-40-g277498a001 (webtiles) character file.

Game seed: 4502733881721187082

135 OrcJesus the Insei (level 5, -6/33 HPs)
             Began as an Octopode Transmuter on Aug 28, 2019.
             Mangled by a gnoll
             ... wielding a +0 spear
              (7 damage)
             ... on level 3 of the Dungeon.
             The game lasted 00:08:25 (3040 turns).

OrcJesus the Insei (Octopode Transmuter)            Turns: 3040, Time: 00:08:27

Health: -6/33      AC:  1    Str: 16    XL:     5   Next: 18%
Magic:  1/8        EV: 19    Int: 17    God:
Gold:   124        SH:  0    Dex: 17    Spells: 1/8 levels left

rFire    . . .     SeeInvis .   o - +5 short sword
rCold    . . .     Gourm    .   (no shield)
rNeg     . . .     Faith    .   (helmet restricted)
rPois    .         Spirit   .   (no amulet)
rElec    .         Reflect  .   f - +2 ring of strength (curse)
rCorr    .         Harm     .   (no ring)
MR       .....                  (no ring)
Stlth    ++++......             (no ring)
HPRegen  0.11/turn              (no ring)
MPRegen  0.11/turn              (no ring)
                                (no ring)
                                (no ring)

@: mighty, agile, appendage, very slightly contaminated
A: almost no armour, stealthy swim, amphibious, 8 rings, constrict 8, tentacle
spike 3, camouflage 1, gelatinous body 1
a: End Transformation


You were on level 3 of the Dungeon.
You were hungry.
One of your tentacles had a temporary spike.
You visited 1 branch of the dungeon, and saw 3 of its levels.

You collected 124 gold pieces.

Inventory:

Hand Weapons
 o - a +5 short sword (weapon)
Missiles
 a - 33 arrows
Jewellery
 f - a cursed +2 ring of strength (left tentacle)
Scrolls
 b - 8 scrolls of identify {unknown}
 e - 4 scrolls of remove curse {unknown}
 g - 2 scrolls of amnesia {unknown}
 h - a scroll of immolation {unknown}
 j - a scroll of fog {unknown}
 k - 2 scrolls of magic mapping {unknown}
 m - a scroll of fear {unknown}
 n - 2 scrolls of blinking {unknown}
Potions
 d - a potion of agility
 l - 2 potions of might
Comestibles
 c - 6 rations
 i - 6 chunks of flesh


   Skills:
 - Level 1.0 Fighting
 - Level 2.0 Dodging
 - Level 5.1 Unarmed Combat
 + Level 2.2 Spellcasting
 + Level 2.3 Transmutations
 * Level 1.4 Ice Magic


You had one spell level left.
You knew the following spells:

 Your Spells              Type           Power        Failure   Level  Hunger
a - Beastly Appendage     Tmut           #.....       8%          1    #......
q - Ice Form              Ice/Tmut       #.......     65%         4    #####..
w - Sticks to Snakes      Tmut           #.......     11%         2    ###....

Your spell library contained the following spells:

 Spells                   Type           Power        Failure   Level  Hunger
 Spider Form              Tmut/Pois      #.........   34%         3    ###....
 Blade Hands              Tmut           #.........   90%         5    ######.


Dungeon Overview and Level Annotations

Branches:
Dungeon (3/15)

Altars:


Innate Abilities, Weirdness & Mutations

You cannot wear most types of armour.
You are very stealthy in the water. (Stealth+)
You are amphibious.
You can wear up to eight rings at the same time.
You can use your tentacles to constrict eight enemies at once.
Your skin changes colour to match your surroundings (Stealth+).
Your rubbery body absorbs attacks. (AC +1, EV +1)
One of your tentacles bears a large vicious spike.


Message History

You hit the gnoll.
You kill the gnoll!
The gnoll hits you from afar with a +0 spear!
* * * LOW HITPOINT WARNING * * *
The gnoll closely misses you.
You aren't carrying any items that you can evoke.
It was a potion of might.
You feel very mighty all of a sudden. The gnoll closely misses you.
The gnoll barely misses you.
It was a potion of agility.
You feel agile all of a sudden. The gnoll barely misses you.
The gnoll misses you. The gnoll completely misses you.
Casting: Ice Form (very dangerous; 65% risk of failure)
Confirm with . or Enter, or press ? or * to list all spells.
One of your tentacles grows a vicious spike.
The gnoll hits you from afar with a +0 spear.
* * * LOW HITPOINT WARNING * * *
The gnoll hits you from afar with a +0 spear!
You die...

#..........#
#..........#
#..........#
#..........#
#..........#
#..........#
#.....ggg..#
#..........#
#......@...#
#..........#
#..........#
############


You could see 3 gnolls.

Vanquished Creatures
  2 gnolls
  2 adders (D:2)
  An ooze (D:1)
  2 worms (D:2)
  A dart slug (D:1)
  A leopard gecko (D:1)
  9 orcs (D:3)
  A ball python (D:1)
  5 giant cockroaches
  11 hobgoblins
  3 jackals (D:2)
  8 kobolds
  7 bats
  5 frilled lizards
  7 goblins
  7 rats
72 creatures vanquished.

Vanquished Creatures (collateral kills)
  A worm (D:2)
1 creature vanquished.

Grand Total: 73 creatures vanquished

Notes
Turn   | Place    | Note
-------+----------+-------------------------------------------
     0 | D:1      | OrcJesus the Octopode Transmuter began the quest for the
                  | Orb.
     0 | D:1      | Reached XP level 1. HP: 13/13 MP: 3/3
   386 | D:1      | Reached XP level 2. HP: 6/18 MP: 3/5
   633 | D:1      | Reached skill level 4 in Unarmed Combat
   717 | D:1      | Reached XP level 3. HP: 18/23 MP: 4/6
   759 | D:1      | Learned a level 2 spell: Sticks to Snakes
  1370 | D:2      | Reached XP level 4. HP: 20/28 MP: 2/7
  1612 | D:2      | Reached skill level 5 in Unarmed Combat
  1779 | D:2      | Learned a level 4 spell: Ice Form
  2685 | D:3      | Reached skill level 1 in Ice Magic
  2888 | D:3      | Reached XP level 5. HP: 33/33 MP: 6/8
  3040 | D:3      | HP: 1/33 [gnoll/+0 spear (6)]
  3040 | D:3      | Mangled by a gnoll

Skill      XL: |  1  2  3  4 |
---------------+-------------+-----
Unarmed Combat | 4 5 |  5.1
Ice Magic      | 1 |  1.4
Fighting       | |  1.0
Dodging        | |  2.0
Spellcasting   | |  2.2
Transmutations | |  2.3

Action                   |  1- 3 |  4- 6 || total
-------------------------+-------+-------++-------
Melee: Unarmed           |    67 |    53 ||   120
       Constrict         |    16 |    23 ||    39
       Tentacles         |    10 |    16 ||    26
       Kick              |     6 |    12 ||    18
       Short sword       |       |    33 ||    33
       Punch             |       |     5 ||     5
 Cast: Beastly Appendage |     8 |     8 ||    16
       Sticks to Snakes  |     1 |     1 ||     2
  Use: Potion            |       |     2 ||     2
 Stab: Sleeping          |     1 |     7 ||     8
  Eat: Chunk             |     1 |     6 ||     7
Armor: Skin              |     5 |     9 ||    14
Dodge: Dodged            |    33 |    64 ||    97
